[Event "Titled Tuesday Blitz August 16 Early 2022"]
[White "Yeletsky, Ivan"]
[Black "So, Wesley"]
[WhiteFideId "24180327"]
[BlackFideId "5202213"]
[WhiteElo "2293"]
[BlackElo "2763"]
[Result "1-0"]
[Round "11"]
[TimeControl "180+1"]
[Date "2022.08.16"]
[WhiteClock "0:01:05"]
[BlackClock "0:00:36"]

1. e4 c5 2. Nf3 d6 3. d4 cxd4 4. Nxd4 Nf6 5. Nc3 Nc6 6. Bg5 e6 7. Qd2 a6 8. O-O-O Bd7 9. f4 Be7 10. Nf3 b5 11. Bxf6 gxf6 12. Bd3 Qa5 13. Kb1 Rc8 14. f5 h5 15. fxe6 fxe6 16. Rhe1 Kd8 17. Qf2 Kc7 18. Ne2 Qb6 19. Qf1 h4 20. Nf4 Rcg8 21. c3 Rg4 22. Nd4 Rxf4 23. Qxf4 e5 24. Qc1 exd4 25. cxd4 Kb8 26. Be2 Rc8 27. Qe3 f5 28. Bf3 fxe4 29. Qxe4 Bf8 30. Qd5 Qd8 31. Rc1 Qf6 32. Be4 Qxd4 33. Rxc6 Qf2 34. Rxc8+ Kxc8 35. Qa8+ Kc7 36. Rc1+ Kb6 37. Qd8+ Ka7 38. Qc7# 1-0


[Site "https://www.chess.com"]

[Event "Titled Tuesday Blitz August 16 Early 2022"]
[White "Zenin, Dmitry"]
[Black "Horak, Martin"]
[WhiteFideId "4127897"]
[BlackFideId "367095"]
[WhiteElo "2215"]
[BlackElo "1997"]
[Result "1-0"]
[Round "11"]
[TimeControl "180+2"]
[Date "2022.08.18"]
[WhiteClock "0:00:00"]
[BlackClock "0:00:00"]

1. c4 b6 2. d4 Bb7 3. Nc3 Nf6 4. d5 e6 5. a3 exd5 6. cxd5 c6 7. dxc6 dxc6 8. Qxd8+ Kxd8 9. Bf4 Nbd7 10. Nf3 h6 11. h3 g5 12. Bh2 Bg7 13. e3 Nc5 14. O-O-O+ Ke8 15. Bc4 Nfe4 16. Nxe4 Nxe4 17. Rhf1 Rd8 18. Rxd8+ Kxd8 19. Bxf7 Rf8 20. Bc4 Ke7 21. Bd3 Nc5 22. Bc2 Rd8 23. Be5 Bxe5 24. Nxe5 Ke6 25. Nf3 Ba6 26. Rd1 Rf8 27. Nd4+ Kd7 28. f3 Bc4 29. Nf5+ Kc7 30. Nxh6 Nb3+ 31. Bxb3 Bxb3 32. Rd3 Bc4 33. Rd2 b5 34. Ng4 Rf5 35. e4 Rf8 36. Ne5 Be6 37. Rc2 Kd6 38. Nxc6 Bb3 39. Rc3 Bc4 40. Nd4 Ke5 41. Nc2 Kf4 42. b3 Be6 43. Ne3 Rd8 44. b4 Kg3 45. Kc2 Kf2 46. Rd3 Rc8+ 47. Kd2 Ba2 48. e5 Bb1 49. Rb3 Rd8+ 50. Kc1 Ba2 51. Rc3 Be6 52. g4 Kxf3 53. Nf5+ Kf4 54. Ng7 Bd5 55. e6 Ke5 56. e7 Kd6 57. exd8=Q+ Ke5 58. Re3+ Kd4 59. Qe7 Kc4 60. Qe5 Be4 61. Rc3# 1-0


[Site "https://www.chess.com"]

[Event "Titled Tuesday Blitz August 16 Early 2022"]
[White "Zhigalko, Sergei"]
[Black "Shimanov, Aleksandr"]
[WhiteFideId "13502956"]
[BlackFideId "4198603"]
[WhiteElo "2662"]
[BlackElo "2605"]
[Result "1-0"]
[Round "11"]
[TimeControl "180+1"]
[Date "2022.08.16"]
[WhiteClock "0:00:06"]
[BlackClock "0:00:01"]

1. e4 c6 2. d4 d5 3. e5 Bf5 4. Nf3 e6 5. Be2 Nd7 6. O-O a6 7. Nbd2 h6 8. Re1 Ne7 9. c3 Bg6 10. b4 a5 11. b5 a4 12. Ba3 Nc8 13. Bxf8 Nxf8 14. c4 Nd7 15. c5 O-O 16. b6 f6 17. Bf1 Bh5 18. Qc2 Bxf3 19. Nxf3 f5 20. a3 g5 21. Bd3 Ne7 22. Rab1 Ng6 23. Rb4 g4 24. Nd2 Qg5 25. Nf1 Nf4 26. Re3 Ra5 27. Rxa4 Rfa8 28. Rxa5 Rxa5 29. a4 h5 30. Qd1 h4 31. Bc2 Nh5 32. Qd2 Ra8 33. Ra3 Nf4 34. a5 Kf7 35. Kh1 Ke7 36. Bd3 Qh6 37. g3 hxg3 38. fxg3 Rh8 39. Qxf4 Qxf4 40. gxf4 Rh3 41. Ng3 Nf8 42. a6 bxa6 43. b7 Nd7 44. Rxa6 Kd8 45. Ra8+ Kc7 46. Re8 Rh6 47. Re7 Rh8 48. Rxe6 Rb8 49. Re7 Kd8 50. Rh7 Rxb7 51. e6 Rb1+ 52. Bxb1 1-0


[Site "https://www.chess.com"]

[Event "Titled Tuesday Blitz August 16 Early 2022"]
[White "Ziatdinov, Raset"]
[Black "Manukian, Artak"]
[WhiteFideId "2015323"]
[BlackFideId "13301373"]
[WhiteElo "2220"]
[BlackElo "2196"]
[Result "0-1"]
[Round "11"]
[TimeControl "180+2"]
[Date "2022.08.18"]
[WhiteClock "0:00:00"]
[BlackClock "0:00:00"]

1. e4 c6 2. d4 d5 3. Nc3 dxe4 4. Nxe4 Nf6 5. Nxf6+ exf6 6. Bd3 Bd6 7. Ne2 O-O 8. c4 Qc7 9. h3 Re8 10. O-O Nd7 11. c5 Bf8 12. Bf4 Qd8 13. Nc3 b6 14. b4 a5 15. a3 Ba6 16. Bxa6 Rxa6 17. Qd3 b5 18. Rfe1 g6 19. Ne4 f5 20. Nd6 Rxe1+ 21. Rxe1 Nf6 22. bxa5 Qxa5 23. Be5 Qxe1+ 24. Kh2 Nd5 25. Qb3 Qxf2 26. Nxb5 cxb5 27. Qxd5 Rxa3 28. c6 f4 29. Kh1 Ra1+ 30. Kh2 Qg1# 0-1


[Site "https://www.chess.com"]

[Event "Titled Tuesday Blitz August 16 Early 2022"]
[White "Zou, Chen"]
[Black "Reprintsev, Alexander"]
[WhiteFideId "8610959"]
[BlackFideId "14100541"]
[WhiteElo "2276"]
[BlackElo "2108"]
[Result "0-1"]
[Round "11"]
[TimeControl "180+2"]
[Date "2022.08.18"]
[WhiteClock "0:00:00"]
[BlackClock "0:00:00"]

1. d4 d5 2. c4 e5 3. e3 exd4 4. exd4 Nf6 5. Nc3 Nc6 6. Nf3 Bg4 7. cxd5 Nxd5 8. Bc4 Bb4 9. O-O Nxc3 10. bxc3 Bxc3 11. Bxf7+ Kxf7 12. Qb3+ Kg6 13. Qxc3 Rf8 14. Ne5+ Nxe5 15. dxe5 Be6 16. Ba3 Rf5 17. f4 h5 18. Rad1 Bd5 19. e6 c6 20. e7 Qd7 21. Rd3 Kf7 22. Rg3 g6 23. Re1 Re8 24. h3 b6 25. Bb2 Rxe7 26. Qg7+ Ke8 27. Qxg6+ Bf7 28. Rxe7+ Kxe7 29. Qg7 Kd8 30. Kh2 Kc7 31. Be5+ Kb7 32. Qh8 a5 33. Qb8+ Ka6 34. Qa8+ Kb5 35. a3 a4 36. Qf8 Bb3 0-1